 Dungeon Crawl Stone Soup version 0.31.0-12-g77e489cdc1 (webtiles) character file.

Game seed: 13600981647833389976

816 ezpacito the Chopper (level 7, 0/55 HPs)
             Began as a Demonspawn Berserker on Feb 18, 2024.
             Was a Priest of Trog.
             Slain by Duvessa
             ... wielding a +0 short sword
              (10 damage)
             ... on level 5 of the Dungeon.
             The game lasted 00:04:41 (3885 turns).

ezpacito the Chopper (Demonspawn Berserker)         Turns: 3885, Time: 00:04:42

Health: 0/55       AC: 13    Str: 19    XL:     7   Next: 62%
Magic:  0/7        EV:  6    Int:  7    God:    Trog [***...]
Gold:   210        SH:  4    Dex: 13    Spells: 6/6 levels left

rFire   . . .        d - +0 war axe
rCold   . . .        l - +0 buckler
rNeg    . . .        c - +0 plate armour
rPois   .            g - +0 helmet
rElec   .            (no cloak)
rCorr   .            (no gloves)
SInv    .            (no boots)
Will    +....        n - amulet of guardian spirit Stlth
                     (no ring)
HPRegen 0.29/turn    (no ring)
MPRegen 0.20/turn

%: guardian spirit
@: on berserk cooldown, enlightened, flying, slowed, very slow
A: hooves 1, magic regeneration, sharp scales 1
a: Renounce Religion, Berserk, Trog's Hand


You were on level 5 of the Dungeon.
You worshipped Trog.
Trog was most pleased with you.
You visited 2 branches of the dungeon, and saw 6 of its levels.

You collected 210 gold pieces.

Inventory:

Hand Weapons
 d - a +0 war axe (weapon)
Missiles
 o - 2 poisoned darts (quivered)
Armour
 c - a +0 plate armour (worn)
 g - a +0 helmet (worn)
 l - a +0 buckler (worn)
Jewellery
 n - an amulet of guardian spirit (around neck)
 p - a ring of fire
Wands
 u - a wand of polymorph (23)
 B - a wand of iceblast (4)
Scrolls
 e - 2 scrolls of vulnerability
 f - 2 scrolls of immolation
 r - 2 scrolls of teleportation
 s - a scroll of blinking {unknown}
 t - a scroll of poison {unknown}
 w - a scroll of revelation {unknown}
 y - a scroll of enchant armour {unknown}
 z - a scroll of amnesia {unknown}
 A - a scroll of identify
Potions
 h - a potion of degeneration {unknown}
 i - a potion of heal wounds {unknown}
 j - 4 potions of curing {unknown}
 k - 2 potions of brilliance {unknown}
 m - a potion of might {unknown}
 v - a potion of attraction {unknown}
 x - a potion of ambrosia {unknown}


   Skills:
 * Level 4.5 Fighting
 * Level 5.5 Axes
 * Level 3.0 Armour
 * Level 3.0 Dodging
 * Level 2.3 Stealth
 * Level 1.3 Shields
 * Level 2.0 Unarmed Combat
 * Level 0.2 Evocations


You had 6 spell levels left.
You didn't know any spells.
Your spell library contained the following spells:

 Spells                   Type           Power      Damage    Failure   Level
 Blink                    Tloc           0%         N/A       100%        2
 Cigotuvi's Dreadful Rot  Necr/Alch/Air  0%         N/A       100%        2
 Ensorcelled Hibernation  Hex/Ice        0%         N/A       100%        2
 Lesser Beckoning         Tloc           0%         N/A       100%        2
 Momentum Strike          Conj/Tloc      0%         3d8       100%        2
 Fugue of the Fallen      Necr           0%         N/A       100%        3
 Gell's Gravitas          Tloc           0%         N/A       100%        3
 Teleport Other           Tloc           0%         N/A       100%        3
 Anguish                  Hex/Necr       0%         N/A       100%        4
 Ignite Poison            Fire/Alch      0%         N/A       100%        4
 Freezing Cloud           Conj/Ice/Air   0%         6-21      100%        5
 Dispersal                Tloc           0%         N/A       100%        6


Dungeon Overview and Level Annotations

Branches:
Dungeon (5/15)             Temple (1/1) D:4

Altars:
Ashenzari
Cheibriados
Dithmenos
Fedhas
Hepliaklqana
Kikubaaqudgha
Makhleb
Qazlal
Uskayaw
Vehumet
Wu Jian
Xom

Shops:
D:4 [

Annotations:
D:5 Duvessa
Temple 2 transporters


Innate Abilities, Weirdness & Mutations

You have large cloven feet.
You regenerate magic rapidly.
You are partially covered in razor-sharp scales. (AC +1, Slay +1)


Message History

You barely miss Dowan. You kick Dowan.
You kill Dowan!
Trog accepts your kill.
Trog appreciates your killing of a magic user.
You hear a distant scream of rage.
Your Dodging skill increases to level 3!
Your Unarmed Combat skill increases to level 2!
u - a wand of polymorph (23) (gained 10 charges)
Things that are here:
a +0 dagger; a +0 robe Duvessa, Sister of Dowan comes into view.
She is wielding a +0 short sword.
You feel a strong urge to attack something.
Duvessa shouts!
Duvessa goes berserk!
You are no longer berserk.
You are exhausted.
You feel yourself slow down. Duvessa hits you with a +0 short sword!
You slash Duvessa!
Duvessa is lightly wounded.
Duvessa closely misses you. Duvessa hits you but does no damage. x2
You closely miss Duvessa.
Duvessa is lightly wounded.
You block Duvessa's attack. Duvessa hits you but does no damage.
Duvessa hits you with a +0 short sword!
You slash Duvessa! You kick Duvessa.
Duvessa is moderately wounded.
Duvessa hits you with a +0 short sword. Duvessa hits you but does no damage.
Duvessa hits you with a +0 short sword!
You slash Duvessa! Your kick misses Duvessa.
Duvessa is heavily wounded.
Duvessa hits you with a +0 short sword. x2
Duvessa hits you with a +0 short sword!
* * * LOW HITPOINT WARNING * * *
Unknown command.
Okay, then.
It was a potion of enlightenment.
You feel very buoyant.
You fly up into the air.
Duvessa hits you but does no damage. Duvessa hits you with a +0 short sword!
You die...

#........†..........##.#
...........##...#####.##.##
###.######.###.#####.#....##
# .<...........###....#
#######..##.## ##....
#..###[###....# #..#
#..#)...##
######..###.#.##.##
#.e@.).......)...###
#.#####.)........... #
#..##.###..... #..##.#
#.#### #..##.# #.# ...##.#
#.# ...###.# #. ##### #.# #.
#.# #.


You could see Duvessa (berserk).

Vanquished Creatures
  Grinder (D:5)
  The ghost of dchavez06 the Poker, an amateur DsGl of Makhleb (D:3)
  Dowan (D:5)
  A hound (D:5)
  A gnoll bouda (D:4)
  2 orc priests (D:4)
  A water moccasin simulacrum (D:3)
  Natasha (thrice) (D:2)
  An iguana (D:5)
  A centaur simulacrum (D:3)
  Robin (D:2)
  6 gnolls
  5 adders
  A hound simulacrum (D:3)
  4 ribbon worms
  2 dart slugs
  2 adder simulacra (D:3)
  10 orcs
  4 ball pythons
  4 bats
  8 endoplasms
  3 giant cockroaches
  11 goblins
  7 hobgoblins
  7 jackals
  9 kobolds
  2 quokkas
  4 frilled lizards
  3 rats
106 creatures vanquished.

Notes
Turn   | Place    | Note
-------+----------+-------------------------------------------
     0 | D:1      | ezpacito the Demonspawn Berserker began the quest for the
                  | Orb.
     0 | D:1      | Reached XP level 1. HP: 18/18 MP: 1/1
    53 | D:1      | Found a faded altar of an unknown god.
   200 | D:1      | Gained mutation: You have large cloven feet. [demonic
                  | ancestry]
   200 | D:1      | Reached XP level 2. HP: 24/24 MP: 2/2
   369 | D:1      | Reached skill level 3 in Axes
   806 | D:2      | Reached ** piety under Trog
   807 | D:2      | Reached XP level 3. HP: 22/29 MP: 3/3
   807 | D:2      | Noticed Robin
   815 | D:2      | Killed Robin
   880 | D:2      | Found a shimmering altar of Xom.
   908 | D:2      | Gained mutation: You regenerate magic rapidly. [demonic
                  | ancestry]
   908 | D:2      | Reached XP level 4. HP: 35/36 MP: 4/4
  1365 | D:2      | Noticed Natasha
  1375 | D:2      | Killed Natasha
  1376 | D:2      | Reached skill level 1 in Stealth
  1454 | D:2      | Noticed Natasha
  1461 | D:2      | Killed Natasha
  1462 | D:2      | Reached skill level 4 in Axes
  1462 | D:2      | Reached XP level 5. HP: 42/42 MP: 3/5
  1513 | D:2      | Noticed Natasha
  1527 | D:2      | Killed Natasha
  1975 | D:3      | Noticed dchavez06's ghost (amateur DsGl)
  2040 | D:3      | Found a runed translucent gate.
  2040 | D:3      | Found a runed translucent gate.
  2040 | D:3      | Found a runed translucent gate.
  2195 | D:3      | Reached skill level 1 in Unarmed Combat
  2195 | D:3      | Reached *** piety under Trog
  2526 | D:3      | Killed dchavez06's ghost
  2527 | D:3      | Reached XP level 6. HP: 48/48 MP: 6/6
  2606 | D:4      | Found Xool's Antique Armour Boutique.
  2905 | D:4      | Reached skill level 5 in Axes
  2905 | D:4      | Reached skill level 1 in Shields
  3057 | D:4      | Found a staircase to the Ecumenical Temple.
  3623 | Temple   | Found a transporter.
  3623 | Temple   | Found a transporter.
  3623 | Temple   | Found a transporter.
  3623 | Temple   | Found a transporter.
  3623 | Temple   | Entered the Ecumenical Temple
  3657 | D:5      | Entered Level 5 of the Dungeon
  3731 | D:5      | Noticed Grinder
  3742 | D:5      | Gained mutation: You are partially covered in razor-sharp
                  | scales. (AC +1, Slay +1) [demonic ancestry]
  3742 | D:5      | Reached XP level 7. HP: 54/54 MP: 7/7
  3743 | D:5      | Killed Grinder
  3865 | D:5      | Noticed Dowan
  3876 | D:5      | Killed Dowan
  3878 | D:5      | Noticed Duvessa
  3885 | D:5      | Slain by Duvessa

Illustrated notes

Levels and vault maps discovered:
D:1:      denvon_arrival_planthouse, layout_loops_ring,
          ebering_ecumenical_altar_mist, nrook_mini_vaults, minmay_octomino_e4
D:2:      layout_loops_ring, basic_altar, uniq_natasha, uniq_robin
D:3:      layout_basic, gammafunk_ghost_icy, minivault_19
D:4:      layout_loops_corners, temple_doors_cd, serial_shops, shop
D:5:      minmay_octagon_keep, layout_loops_ring, uniq_grinder, uniq_duvessa
Temple:   hellmonk_temple_divided_pantheon

Skill      XL: |  1  2  3  4  5  6  7 |
---------------+----------------------+-----
Axes           | 3 4 5 |  5.5
Dodging        | 2 3 |  3.0
Armour         | 2 3 |  3.0
Stealth        | 1 2 |  2.3
Unarmed Combat | 1 2 |  2.0
Fighting       | 4 |  4.5
Shields        | 1 |  1.3
Evocations     | |  0.2

Action                     |  1- 3 |  4- 6 |  7- 9 || total
---------------------------+-------+-------+-------++-------
  Melee: Hand axe          |    64 |   128 |       ||   192
         Kick              |    12 |    41 |     9 ||    62
         Punch             |       |     3 |       ||     3
         War axe           |       |    45 |    20 ||    65
 Invoke: Berserk           |     2 |     5 |     1 ||     8
    Use: Scroll            |       |     3 |       ||     3
         Potion            |       |       |     1 ||     1
   Stab: Sleeping          |     2 |     2 |       ||     4
 Armour: Animal skin       |    41 |    36 |       ||    77
         Plate armour      |       |    89 |    21 ||   110
  Dodge: Dodged            |    46 |    78 |     3 ||   127
  Block: Buckler           |       |    17 |     3 ||    20
